AoeStats
← ĐẠI ĐÔ ĐỐC MẠNH ĐẠT

Arabian Desert

516867714Analyzed
1v1 RM · 6d ago on Oct 28, 2026· 31m 38s· 2 players
Game mode
Random Map
Map size
Tiny (2 player)
Population
200
Speed
Normal
Resources
Standard
Victory
Conquest
Starting age
Dark Age
Ending age
Imperial Age
RankedLock teamsTeams togetherTeam positionsShared explorationLock speedFull tech treeHidden civsTurbo modeCheats
Victory
Defeat
1739
+14
vs
🇨🇴 Huns · Colombia
1688
-14
MrDiiego/twitch.tv
6:54 Loom
9:04 Feudal Age
9:51 Double-Bit Axe
17:42 Fletching
22:59 Wheelbarrow
25:39 Town Watch
29:01 Castle Age
28:33 Bloodlines
28:41 Scale Barding Armor
30:42 Chain Barding Armor
31:25 Forging
ĐẠI ĐÔ ĐỐC MẠNH ĐẠT
6:50 Loom
9:45 Feudal Age
10:19 Double-Bit Axe
12:33 Fletching
17:58 Horse Collar
19:29 Scale Mail Armor
23:40 Wheelbarrow
27:04 Castle Age
26:11 Padded Archer Armor
27:44 Bodkin Arrow
Connection lost

Rejoining the realm…

Still unreachable

The connection could not be restored.

Session expired

The server has moved on; the page needs a fresh start.